 Dungeon Crawl Stone Soup version 0.29-a0-582-ge82337ba6a (webtiles) character file.

Game seed: 15229307036445380788

71 inmateoo the Caller (level 4, -1/34 HPs)
             Began as a Merfolk Summoner on June 15, 2022.
             Killed from afar by Sigmund (8 damage)
             ... with a magic dart
             ... on level 2 of the Dungeon.
             The game lasted 00:05:07 (2519 turns).

inmateoo the Caller (Merfolk Summoner)              Turns: 2519, Time: 00:05:07

Health: -1/34      AC:  2    Str:  8    XL:     4   Next: 24%
Magic:  6/7        EV: 12    Int: 16    God:
Gold:   64         SH:  0    Dex: 14    Spells: 4/7 levels left

rFire   . . .      SeeInvis .   g - +0 dagger
rCold   . . .      Faith    .   (no shield)
rNeg    . . .      Spirit   .   a - +0 robe
rPois   .          Reflect  .   (no helmet)
rElec   .          Harm     .   (no cloak)
rCorr   .          Rampage  .   (no gloves)
Will    .....                   (no boots)
Stlth   ++........              (no amulet)
HPRegen 0.11/turn               (no ring)
MPRegen 0.10/turn               (no ring)

@: no status effects
A: (nimble swimmer 2), mertail, mutation resistance 1
a: no special abilities


You were on level 2 of the Dungeon.
You visited 1 branch of the dungeon, and saw 2 of its levels.

You collected 64 gold pieces.

Inventory:

Hand Weapons
 f - a +0 whip
 g - a +0 dagger (weapon)
Missiles
 c - a javelin (quivered)
 h - 56 stones
Armour
 a - a +0 robe (worn)
 n - the +1 pair of boots "Nugoopa" {rF+}
   (You found it on level 2 of the Dungeon)

   rF:        It protects you from fire.
Magical Staves
 m - a staff of earth
Jewellery
 j - a +4 ring of protection
Potions
 b - a potion of magic
 e - a potion of mutation
 k - a potion of brilliance {unknown}
 l - a potion of heal wounds {unknown}


   Skills:
 + Level 2.7 Fighting
 - Level 2.6 Dodging
 + Level 2.9 Stealth
 + Level 2.4 Spellcasting
 + Level 4.3 Summonings


You had 4 spell levels left.
You knew the following spells:

 Your Spells              Type           Power      Damage    Failure   Level
a - Summon Small Mammal   Summ           60%        N/A       3%          1
b - Call Imp              Summ           15%        N/A       5%          2

Your spell library contained the following spells:

 Spells                   Type           Power      Damage    Failure   Level
 Call Canine Familiar     Summ           15%        N/A       11%         3
 Shock                    Conj/Air       4%         1d3       21%         1
 Summon Guardian Golem    Hex/Summ       8%         N/A       24%         3
 Ensorcelled Hibernation  Hex/Ice        2%         N/A       30%         2
 Passwall                 Tmut/Erth      0%         N/A       30%         2
 Swiftness                Air            1%         N/A       52%         3
 Summon Lightning Spire   Summ/Air       8%         N/A       63%         4
 Airstrike                Air            0%         N/A       89%         4


Dungeon Overview and Level Annotations

Branches:
Dungeon (2/15)

Altars:

Annotations:
D:2 Sigmund


Innate Abilities, Weirdness & Mutations

((You are very nimble when in or above water. (Stealth+, EV+, Speed+++)))
Your lower body shifts to a powerful aquatic tail in water.
You are somewhat resistant to further mutation.


Message History

Attack!
Sigmund closely misses your white imp. Sigmund barely misses your white imp.
Your white imp closely misses Sigmund.
The gnoll hits your white imp with a +0 whip!
Your white imp hits Sigmund but does no damage.
The gnoll barely misses your white imp.
Sigmund points at your white imp and mumbles some strange words.
Your white imp appears confused.
Sigmund casts a spell.
Sigmund flickers and vanishes!
Deactivating autopickup; reactivate with Ctrl-A.
You aren't carrying any items that you can evoke.
Unknown command.
Throw: 5 javelins
Press: ? - help, Q - select action, (/) - cycle Shift-Dir - straight line, f - gnoll
Aim: a gnoll, wielding a +0 whip (severely wounded, 63% to hit)
You throw a javelin. The javelin closely misses the gnoll.
Throw: 4 javelins
Press: ? - help, Q - select action, (/) - cycle Shift-Dir - straight line, f/p - gnoll
Aim: a gnoll, wielding a +0 whip (severely wounded, 63% to hit)
You throw a javelin. The javelin pierces through the gnoll.
The gnoll is almost dead.
The gnoll misses you.
Throw: 3 javelins
Press: ? - help, Q - select action, (/) - cycle Shift-Dir - straight line, f/p - gnoll
Aim: a gnoll, wielding a +0 whip (almost dead, 63% to hit)
You throw a javelin.
The javelin pierces through the gnoll but does no damage.
The gnoll is almost dead.
Something hits you! The gnoll hits you with a +0 whip!
* * * LOW HITPOINT WARNING * * *
The gnoll hits you with a +0 whip.
* * * LOW HITPOINT WARNING * * *
Throw: 2 javelins
Press: ? - help, Q - select action, (/) - cycle Shift-Dir - straight line, f/p - gnoll
Aim: a gnoll, wielding a +0 whip (almost dead, 63% to hit)
You throw a javelin. The javelin pierces through the gnoll.
You kill the gnoll!
A magic dart appears from out of thin air!
The magic dart hits you!
You die...

#.......#.#..#.⌠##'#
#.......#.#####..†..
#####.....##.#
######
#............#
#..#........##
#..#........#
#..##.......####
#..###..........
#..# #@#....####
#..# #)#...##
####..###{#.#.#
#.......#.#.#.#
#.............#
#.......#.#......
#.......#.#.#.##.
##.......(..#.#
#........#.#.#
..#......


There were no monsters in sight!

Vanquished Creatures
  A gnoll (D:2)
  3 endoplasms (D:1)
  A giant cockroach (D:1)
  4 goblins
  2 hobgoblins
  3 kobolds
  A quokka (D:1)
  5 ball pythons
  5 bats
  3 frilled lizards
  2 rats
30 creatures vanquished.

Vanquished Creatures (collateral kills)
  A gnoll (D:1)
  A worm (D:2)
  3 dart slugs
  An endoplasm (D:1)
  A giant cockroach (D:1)
  3 goblins (D:1)
  3 hobgoblins (D:1)
  3 jackals (D:2)
  A quokka (D:1)
  A ball python (D:1)
  A bat (D:1)
19 creatures vanquished.

Grand Total: 49 creatures vanquished

Notes
Turn   | Place    | Note
-------+----------+-------------------------------------------
     0 | D:1      | inmateoo the Merfolk Summoner began the quest for the Orb.
     0 | D:1      | Reached XP level 1. HP: 13/13 MP: 3/3
   188 | D:1      | Reached skill level 1 in Fighting
   326 | D:1      | Reached XP level 2. HP: 18/22 MP: 3/5
   350 | D:1      | Learned a level 2 spell: Call Imp
  1168 | D:1      | Reached XP level 3. HP: 27/27 MP: 6/6
  2202 | D:2      | Reached XP level 4. HP: 31/34 MP: 5/7
  2389 | D:2      | Found a faded altar of an unknown god.
  2414 | D:2      | Noticed Sigmund
  2416 | D:2      | Identified the +1 pair of boots "Nugoopa" {rF+}
  2486 | D:2      | HP: 1/34 [something (9)]
  2495 | D:2      | Gained mutation: You are somewhat resistant to further
                  | mutation. [potion of mutation]
  2519 | D:2      | Killed from afar by Sigmund

Illustrated notes

Levels and vault maps discovered:
D:1:      dpeg_arrival_shrine, layout_basic, serial_aquarium,
          aquarium_bridge_long_separate [aquarium_subvault_bridge,
          aquarium_subvault_wall, aquarium_subvault_bridge,
          aquarium_subvault_window, aquarium_subvault_wall,
          aquarium_subvault_bridge], aquarium_window_2,
          aquarium_window_corridor_3, aquarium_window_fake, aquarium_window_1,
          aquarium_view_4, aquarium_view_2g, aquarium_balcony_3b,
          minmay_tetromino_o4
D:2:      layout_rooms, ebering_ecumenical_altar_ruins, grunt_ministairs_11,
          dk_vineyard_1, uniq_sigmund

Skill      XL: |  1  2 |
---------------+-------+-----
Fighting       | 1 2 |  2.7
Dodging        | |  2.6
Stealth        | |  2.9
Spellcasting   | |  2.4
Summonings     | |  4.3

Action                   |  1- 3 |  4- 6 || total
-------------------------+-------+-------++-------
Melee: Club              |    13 |       ||    13
       Unarmed           |     5 |       ||     5
       Dagger            |    52 |    21 ||    73
Throw: Javelin           |    16 |     4 ||    20
 Cast: Summon Small Mamm |     4 |       ||     4
       Call Imp          |    19 |     8 ||    27
  Use: Scroll            |     3 |     2 ||     5
       Potion            |       |     3 ||     3
 Stab: Distracted        |     1 |       ||     1
       Sleeping          |     4 |       ||     4
Armor: Robe              |    25 |     6 ||    31
Dodge: Dodged            |    76 |    24 ||   100

Table legend: (Time is in decaauts)
 A = Elapsed time spent in this place.
 B = Non-inter-level travel time spent in this place.
 C = Inter-level travel time spent in this place.
 D = Time resting spent in this place.
 E = Time spent auto-exploring this place.
 F = Levels seen in this place.
 G = Mean time per level.
                   A        B        C        D        E       F      G
               +--------+--------+--------+--------+--------+-----+--------+
         Total |   2525 |   2502 |     23 |   1245 |    605 |   2 | 1262.5 |
       Dungeon |   2525 |   2502 |     23 |   1245 |    605 |   2 | 1262.5 |
               +--------+--------+--------+--------+--------+-----+--------+

Top non-repeatable levels by time:
     D:1: 1662 daAuts
     D:2: 863 daAuts
